 Dungeon Crawl Stone Soup version 0.28-a0-1505-g8c907de6ad (webtiles) character file.

Game seed: 845966212491543400

211 Anon1729 the Chopper (level 5, 0/47 HPs)
             Began as a Minotaur Monk on Jan 13, 2022.
             Was a Plaything of Xom.
             Slain by a killer bee (4 damage)
             ... on level 4 of the Dungeon.
             The game lasted 00:04:37 (3465 turns).

Anon1729 the Chopper (Minotaur Monk)                Turns: 3465, Time: 00:04:38

Health: 0/47       AC:  4    Str: 17    XL:     5   Next: 57%
Magic:  4/4        EV: 12    Int:  7    God:    Xom [.*....]
Gold:   127        SH:  0    Dex: 13    Spells: 4/4 levels left

rFire   . . .      SeeInvis .   a - +0 hand axe
rCold   . . .      Faith    .   (no shield)
rNeg    . . .      Spirit   .   n - +0 leather armour
rPois   .          Reflect  .   o - +1 hat
rElec   .          Harm     .   (no cloak)
rCorr   .          Rampage  .   (no gloves)
Will    .....                   (no boots)
Stlth   ++........              (no amulet)
HPRegen 0.15/turn               (no ring)
MPRegen 0.09/turn               (no ring)

@: brilliant, lethally poisoned (0 -> -9), attractive, flying
A: horns 2, retaliatory headbutt
a: Renounce Religion


You were on level 4 of the Dungeon.
You worshipped Xom.
You were a plaything of Xom.
You visited 1 branch of the dungeon, and saw 4 of its levels.

You collected 127 gold pieces.

Inventory:

Hand Weapons
 a - a +0 hand axe (weapon)
Armour
 b - a +0 robe
 l - a +0 kite shield
 n - a +0 leather armour (worn)
 o - a +1 hat (worn)
Jewellery
 i - a ring of wizardry
Scrolls
 c - a scroll of identify
 e - 2 scrolls of fear
 g - 2 scrolls of acquirement {unknown}
 h - a scroll of torment {unknown}
 m - a scroll of immolation {unknown}
Potions
 f - a potion of brilliance
 k - a potion of attraction


   Skills:
 + Level 4.8 Fighting
 * Level 5.8 Axes
 + Level 2.3 Armour
 - Level 3.6 Dodging
 - Level 2.0 Stealth


You had 4 spell levels left.
You didn't know any spells.
Your spell library contained the following spells:

 Spells                   Type           Power      Damage    Failure   Level
 Ignite Poison            Fire/Tmut/Pois 0%         N/A       86%         3
 Mephitic Cloud           Conj/Pois/Air  0%         N/A       86%         3
 Freezing Cloud           Conj/Ice/Air   0%         6-21      100%        5


Dungeon Overview and Level Annotations

Branches:
Dungeon (4/15)
 Temple: D:4-7

Altars:
Xom


Innate Abilities, Weirdness & Mutations

You have a pair of horns on your head.
You reflexively headbutt those who attack you in melee.


Message History

You feel clever all of a sudden.
* * * LOW HITPOINT WARNING * * *
You feel very sick. The killer bee closely misses you.
The killer bee stings you.
* * * LOW HITPOINT WARNING * * *
The killer bee stings you but does no damage.
The killer bee misses you. You furiously retaliate!
You headbutt the killer bee. The killer bee barely misses you.
The killer bee closely misses you. You furiously retaliate!
You headbutt the killer bee!
You feel better.
The killer bee stings you but does no damage.
The killer bee stings you.
You are poisoned.
The killer bee poisons you! The killer bee closely misses you.
The killer bee stings you.
* * * LOW HITPOINT WARNING * * *
The killer bee barely misses you. You furiously retaliate!
You headbutt the killer bee, but do no damage.
The killer bee closely misses you.
It was a potion of flight.
You feel very buoyant.
You fly up into the air.
You feel sick. The killer bee closely misses you. The killer bee stings you.
* * * LOW HITPOINT WARNING * * *
You are lethally poisoned!
The killer bee poisons you! The killer bee closely misses you. x2
The killer bee barely misses you. The killer bee misses you.
You furiously retaliate!
You headbutt the killer bee!
You kill the killer bee!
As you read the scroll labelled BOEHAUKUTEO, it crumbles to dust.
It is a scroll of identify.
e - 2 scrolls of fear
* * * LOW HITPOINT WARNING * * *
You feel very sick. The killer bee closely misses you.
The killer bee stings you.
* * * LOW HITPOINT WARNING * * *
The killer bee stings you.
You die...
Xom chortles!

.......## ## .........
... ......# ...
......# ###.## #.....#
...... +.....#
#...#.###yy...#
#......@y.#.#
#.#...#####.#
#.......#<####..#
#...............#
.###.####.....######.#
#.............#
.####.###.....# ..
#.....# #.# #.....#


You could see 3 killer bees.

Vanquished Creatures
  A killer bee (D:4)
  7 gnolls
  3 adders (D:3)
  An ufetubus (D:2)
  A dart slug (D:2)
  An orc (D:3)
  8 ball pythons
  6 endoplasms
  A giant cockroach (D:2)
  5 goblins
  11 hobgoblins
  2 jackals (D:3)
  2 kobolds
  2 quokkas
  A bat (D:3)
  4 frilled lizards
  7 rats
63 creatures vanquished.

Vanquished Creatures (others)
  3 plants (D:2)
3 creatures vanquished.

Grand Total: 66 creatures vanquished

Notes
Turn   | Place    | Note
-------+----------+-------------------------------------------
     0 | D:1      | Anon1729 the Minotaur Monk began the quest for the Orb.
     0 | D:1      | Reached XP level 1. HP: 19/19 MP: 0/0
   241 | D:1      | Reached XP level 2. HP: 13/27 MP: 1/1
   493 | D:1      | Reached skill level 4 in Axes
   909 | D:2      | Reached XP level 3. HP: 29/33 MP: 2/2
  1026 | D:2      | Found a faded altar of an unknown god.
  1402 | D:2      | Prayed at the altar of an unknown god.
  1402 | D:2      | Became a worshipper of Xom of Chaos
  1438 | D:1      | XOM: silly message
  2115 | D:2      | Reached skill level 1 in Armour
  2115 | D:2      | Reached XP level 4. HP: 27/40 MP: 3/3
  2434 | D:2      | XOM: divination: magic mapping
  2438 | D:2      | Reached skill level 5 in Axes
  2509 | D:2      | XOM: silly message
  2957 | D:3      | XOM: silly message
  3162 | D:3      | Reached XP level 5. HP: 47/47 MP: 4/4
  3276 | D:3      | Noticed an ogre
  3286 | D:3      | Noticed a rime drake
  3286 | D:3      | an ogre changed into a rime drake
  3286 | D:3      | XOM: polymorph ogre -> rime drake
  3337 | D:2      | XOM: silly message
  3465 | D:4      | Slain by a killer bee

Illustrated notes

Levels and vault maps discovered:
D:1:      lightli_iron_boxes, layout_rooms, dk_noncrumbling_4
D:2:      layout_basic, serial_forest, infiniplex_forest_straight_4,
          infiniplex_forest_lined_room_2, infiniplex_forest_lined_2,
          infiniplex_forest_lined_corner, infiniplex_forest_lined_room_2,
          infiniplex_forest_lined_3_way, infiniplex_forest_end_2,
          infiniplex_forest_straight_2, infiniplex_forest_split,
          infiniplex_forest_lined_room_2, nicolae_ecumenical_oubliette,
          serial_bayou_pond_c
D:3:      layout_basic, minmay_surrounded
D:4:      layout_basic, minmay_temple_entry_slanted, uniq_robin, uniq_duvessa

Skill      XL: |  1  2  3  4  5 |
---------------+----------------+-----
Axes           | 4 5 |  5.8
Stealth        | 2 |  2.0
Fighting       | 4 |  4.8
Armour         | 1 2 |  2.3
Dodging        | |  3.6

Action                   |  1- 3 |  4- 6 || total
-------------------------+-------+-------++-------
Melee: Hand axe          |    84 |    60 ||   144
       Headbutt          |    14 |     9 ||    23
       Punch             |     2 |       ||     2
  Use: Potion            |       |     5 ||     5
       Scroll            |       |     1 ||     1
 Stab: Sleeping          |     9 |     1 ||    10
Armor: Robe              |     4 |       ||     4
       Leather armour    |       |    11 ||    11
Dodge: Dodged            |    56 |    71 ||   127

Table legend: (Time is in decaauts)
 A = Elapsed time spent in this place.
 B = Non-inter-level travel time spent in this place.
 C = Inter-level travel time spent in this place.
 D = Time resting spent in this place.
 E = Time spent auto-exploring this place.
 F = Levels seen in this place.
 G = Mean time per level.
                   A        B        C        D        E       F      G
               +--------+--------+--------+--------+--------+-----+--------+
         Total |   3490 |   3345 |    145 |    611 |   2149 |   4 |  872.5 |
       Dungeon |   3490 |   3345 |    145 |    611 |   2149 |   4 |  872.5 |
               +--------+--------+--------+--------+--------+-----+--------+

Top non-repeatable levels by time:
     D:2: 1964 daAuts
     D:1: 973 daAuts
     D:3: 512 daAuts
     D:4: 40 daAuts
